 Dungeon Crawl Stone Soup version 0.30-a0-1164-ge08a67761e (webtiles) character file.

Game seed: 1861959193046409903

270 Orangeyouglad the Ducker (level 6, 48/49 HPs)
             Began as a Human Monk on Apr 30, 2023.
             Quit the game on level 4 of the Dungeon.
             The game lasted 00:09:46 (3738 turns).

Orangeyouglad the Ducker (Human Monk)               Turns: 3738, Time: 00:09:47

Health: 48/49      AC:  5    Str: 11    XL:     6   Next: 46%
Magic:  6/6        EV: 12    Int: 11    God:
Gold:   309        SH:  0    Dex: 17    Spells: 5/5 levels left

rFire   . . .        a - +0 falchion
rCold   . . .        d - orb {light}
rNeg    . . .        l - +0 ring mail
rPois   .            (no helmet)
rElec   .            (no cloak)
rCorr   .            (no gloves)
SInv    .            (no boots)
Will    .....        o - amulet of magic regeneration
Stlth   +            (no ring)
HPRegen 0.28/turn    (no ring)
MPRegen 0.50/turn

%: no passive effects
@: glowing
A: no striking features
a: no special abilities


You were on level 4 of the Dungeon.
You visited 1 branch of the dungeon, and saw 4 of its levels.

You collected 309 gold pieces.

Inventory:

Hand Weapons
 a - a +0 falchion (weapon)
 n - a +0 sling
Armour
 b - a +0 robe
 d - an orb of light (worn)
 l - a +0 ring mail (worn)
Jewellery
 o - an amulet of magic regeneration (around neck)
 u - a ring of positive energy
Wands
 s - a wand of polymorph (6)
Scrolls
 f - 2 scrolls of enchant armour
 g - 2 scrolls of vulnerability
 h - a scroll of noise {unknown}
 j - 2 scrolls of enchant weapon
 k - 2 scrolls of amnesia {unknown}
 p - a scroll of immolation {unknown}
 t - a scroll of fear {unknown}
 v - a scroll of fog {unknown}
Potions
 c - a potion of ambrosia
 e - a potion of mutation
 i - a potion of haste
 m - a potion of curing
 q - a potion of lignification {unknown}
 r - a potion of degeneration {unknown}


   Skills:
 + Level 4.5 Fighting
 + Level 4.5 Long Blades
 + Level 4.5 Dodging


You had 5 spell levels left.
You didn't know any spells.
Your spell library contained the following spells:

 Spells                   Type           Power      Damage    Failure   Level
 Freeze                   Ice            0%         1d3       65%         1
 Frozen Ramparts          Ice            0%         1d1       95%         3
 Hailstorm                Conj/Ice       0%         3d3       95%         3


Dungeon Overview and Level Annotations

Branches:
Dungeon (4/15)
 Temple: D:4-7

Altars:
Gozag
Kikubaaqudgha
Nemelex Xobeh
Ru
Wu Jian

Shops:
D:3 =

Annotations:
D:2 1 runed translucent door, Crazy Yiuf


Message History

You hit the jackal.
You kill the jackal!
You barely miss the jackal.
The jackal bites you but does no damage. x2
You hit the jackal but do no damage. The jackal bites you.
You closely miss the jackal. The jackal closely misses you.
The jackal barely misses you.
You hit the jackal.
The jackal is moderately wounded.
The jackal closely misses you.
You slash the jackal!
You kill the jackal!
Found a ring mail.
v - a scroll labelled MOEBLI MUGRALU You hear the rapid hiss of a very distant avalanche of sand.
The orc shouts!
You hear a shout!
A jackal comes into view.
The jackal barks!
You hear a shout!
A gnoll comes into view. It is wielding a +0 club.
A jackal comes into view.
A gnoll comes into view. It is wielding a +0 club.
The gnoll shouts!
The jackal attacks as you move away! The jackal closely misses you.
The orc shouts!
The jackal attacks as you move away! The jackal misses you.
The jackal bites you but does no damage.
The jackal bites you but does no damage.
The orc falls through a shaft!
The shaft crumbles and collapses.
The jackal bites you but does no damage.
The jackal attacks as you move away!
The jackal bites you but does no damage.
The jackal closely misses you.
The jackal bites you but does no damage.
The jackal attacks as you move away!
The jackal bites you but does no damage.
The jackal bites you but does no damage.
The jackal attacks as you move away! The jackal bites you.
The jackal attacks as you move away!
The jackal bites you but does no damage.
Are you sure you want to abandon this character and quit the game? (Confirm with "yes".)

~~~~≈#####≈ ≈≈≈≈≈≈≈≈≈≈≈ ....# ..
~≈~~~≈~~≈~ ....#..# .........
...#.. .[....#### #..#.###
.........# ...... .........#
#.##.# ##.......######.##.#
#.......gg....h@..###### ###
##.###+#######......##.#.#..
###+###..........#.#.##.#.#.#
......#..######'##.#.##......
............)......#.##.# #.#
......########..<###.#..+ +.#
...........(............#+#.#####
......######.....................
###########........#...##.#.#####


You could see 2 gnolls and a jackal.

Vanquished Creatures
  2 scorpions (D:4)
  Terence (D:2)
  7 adders
  2 worms
  A dart slug (D:4)
  4 ball pythons
  4 bats
  6 endoplasms
  A giant cockroach (D:3)
  4 goblins
  8 hobgoblins
  2 jackals (D:4)
  3 quokkas
  6 frilled lizards
  7 kobolds
  4 rats
62 creatures vanquished.

Vanquished Creatures (others)
  A plant (D:3)
1 creature vanquished.

Grand Total: 63 creatures vanquished

Notes
Turn   | Place    | Note
-------+----------+-------------------------------------------
     0 | D:1      | Orangeyouglad the Human Monk began the quest for the Orb.
     0 | D:1      | Reached XP level 1. HP: 18/18 MP: 1/1
   269 | D:1      | Reached XP level 2. HP: 24/24 MP: 2/2
   607 | D:1      | Found a faded altar of an unknown god.
   986 | D:2      | Reached XP level 3. HP: 24/29 MP: 3/3
  1062 | D:2      | Noticed Terence
  1249 | D:2      | Killed Terence
  1250 | D:2      | Reached XP level 4. HP: 23/37 MP: 4/4
  1541 | D:2      | Found a runed translucent door.
  1542 | D:2      | Noticed Crazy Yiuf
  2095 | D:3      | Found a sacrificial altar of Ru.
  2142 | D:3      | Reached XP level 5. HP: 35/42 MP: 5/5
  2269 | D:3      | Found an ancient bone altar of Kikubaaqudgha.
  2565 | D:3      | Found Rejiceax's Jewellery Shoppe.
  2861 | D:3      | Found an opulent altar of Gozag.
  3218 | D:4      | Found a sparkling altar of Nemelex Xobeh.
  3354 | D:4      | Reached XP level 6. HP: 20/49 MP: 6/6
  3556 | D:4      | Found an ornate altar of the Wu Jian Council.
  3695 | D:4      | Identified the +0 mace "Sireice" {freeze, *Rage rElec
                  | Int+6}
  3738 | D:4      | Quit the game

Illustrated notes

Levels and vault maps discovered:
D:1:      roderic_chinese_lattice_arrival, layout_loops_corners,
          basic_ecumenical_altar
D:2:      layout_loops_ring, uniq_terence, uniq_crazy_yiuf_cottage
D:3:      layout_loops_corners, chequers_temple_overflow_statue_of_worship,
          nicolae_gozag_seed_capital, serial_shops,
          nicolae_shop_advertising_works [nicolae_subvault_shop_adworks],
          hangedman_glass_garden, minmay_misc_feat_iff, serial_bayou_pond_e
D:4:      lemuel_castle_with_subvaults [lemuel_castle_interior_carwin_3],
          layout_basic, kennysheep_mini, mainiacjoe_overflow_large_starburst,
          enter_ossuary_3, uniq_grinder, uniq_eustachio, uniq_duvessa

Skill      XL: |  1  2  3  4  5 |
---------------+----------------+-----
Fighting       | 4 |  4.5
Long Blades    | 4 |  4.5
Dodging        | 4 |  4.5

Action                     |  1- 3 |  4- 6 || total
---------------------------+-------+-------++-------
  Melee: Falchion          |    78 |   111 ||   189
   Fire: Sling             |     2 |       ||     2
    Use: Scroll            |       |     6 ||     6
         Potion            |       |     1 ||     1
 Armour: Robe              |     6 |       ||     6
         Ring mail         |     9 |    42 ||    51
  Dodge: Dodged            |    57 |    58 ||   115

Table legend: (Time is in decaauts)
 A = Elapsed time spent in this place.
 B = Non-inter-level travel time spent in this place.
 C = Inter-level travel time spent in this place.
 D = Time resting spent in this place.
 E = Time spent auto-exploring this place.
 F = Levels seen in this place.
 G = Mean time per level.
                   A        B        C        D        E       F      G
               +--------+--------+--------+--------+--------+-----+--------+
         Total |   3760 |   3531 |    229 |    131 |   2177 |   4 |  940.0 |
       Dungeon |   3760 |   3531 |    229 |    131 |   2177 |   4 |  940.0 |
               +--------+--------+--------+--------+--------+-----+--------+

Top non-repeatable levels by time:
     D:3: 1250 daAuts
     D:1: 968 daAuts
     D:2: 955 daAuts
     D:4: 585 daAuts
